 Dungeon Crawl Stone Soup version 0.30-a0-802-gb92711bcdf (webtiles) character file.

Game seed: 16849346379506842484

12999 jasper the Cleaver (level 11, -1/87 HPs)
             Began as a Demonspawn Cinder Acolyte on Feb 25, 2023.
             Was a Believer of Ignis.
             Slain by a death yak (15 damage)
             ... on level 11 of the Dungeon.
             The game lasted 00:38:16 (11717 turns).

jasper the Cleaver (Demonspawn Cinder Acolyte)     Turns: 11717, Time: 00:38:16

Health: -1/87      AC: 24    Str: 19    XL:     11   Next: 69%
Magic:  12/12      EV:  6    Int: 16    God:    Ignis [**....]
Gold:   437        SH:  0    Dex:  8    Spells: 12/12 levels left

rFire   + + .      SeeInvis .    M - +2 war axe (flame)
rCold   . . .      Faith    .    (no shield)
rNeg    + . .      Spirit   .    f - +1 plate armour
rPois   .          Reflect  .    L - +2 hat
rElec   .          Harm     .    y - +0 cloak
rCorr   .          Rampage  .    n - +0 pair of gloves
Will    +....                    I - +0 pair of boots Stlth
                                 P - amulet of regeneration
HPRegen 1.14/turn                Q - ring of positive energy
MPRegen 0.13/turn                S - ring of willpower

@: no status effects
A: hooves 2, molten scales 3, demonic guardian 1
a: Renounce Religion, Fiery Armour, Foxfire Swarm, Rising Flame


You were on level 11 of the Dungeon.
You worshipped Ignis.
Ignis was pleased with you.
You visited 2 branches of the dungeon, and saw 13 of its levels.
You also visited: Sewer.

You collected 880 gold pieces.
You spent 443 gold pieces at shops.

Inventory:

Hand Weapons
 a - a +0 hand axe of flaming
 h - a +0 war axe of protection
 K - a +0 battleaxe
 M - a +2 war axe of flaming (weapon)
Missiles
 d - 13 boomerangs (quivered)
 e - 90 stones
 m - 5 poisoned darts
 G - 2 throwing nets
 T - 5 curare-tipped darts
Armour
 b - a +0 robe
 f - a +1 plate armour (worn)
 g - a +0 chain mail
 j - a +0 helmet
 n - a +0 pair of gloves (worn)
 y - a +0 cloak (worn)
 I - a +0 pair of boots (worn)
 L - a +2 hat (worn)
 N - +0 steam dragon scales
Jewellery
 J - an amulet of guardian spirit
 P - an amulet of regeneration (around neck)
 Q - a ring of positive energy (left hand)
 S - a ring of willpower (right hand)
 V - a +6 ring of strength
Wands
 i - a wand of polymorph (2)
 C - a wand of charming (10)
 O - a wand of flame (14)
Scrolls
 k - 2 scrolls of fog
 p - 4 scrolls of teleportation
 q - a scroll of poison
 u - 2 scrolls of amnesia
 w - 2 scrolls of vulnerability
 E - a scroll of blinking
 F - 2 scrolls of immolation
 U - a scroll of enchant weapon
Potions
 c - 5 potions of curing
 l - a potion of cancellation
 o - 2 potions of mutation
 s - 3 potions of flight
 t - a potion of ambrosia
 v - a potion of haste
 x - 3 potions of lignification
 z - 2 potions of attraction {unknown}
 A - a potion of magic {unknown}
 B - a potion of brilliance
 D - a potion of resistance {unknown}
 H - a potion of might {unknown}
Miscellaneous
 R - a box of beasts (inert)


   Skills:
 + Level 8.7 Fighting
 * Level 13.7 Axes
 + Level 7.3 Armour
 - Level 1.0 Spellcasting
 - Level 2.6 Fire Magic
 - Level 6.0 Evocations


You had 12 spell levels left.
You didn't know any spells.
Your spell library contained the following spells:

 Spells                   Type           Power      Damage    Failure   Level
 Scorch                   Fire           18%        2d6       95%         2
 Magic Dart               Conj           0%         1d3       99%         1
 Summon Small Mammal      Summ           0%         N/A       99%         1
 Call Imp                 Summ           0%         N/A       100%        2
 Call Canine Familiar     Summ           0%         N/A       100%        3
 Mephitic Cloud           Conj/Pois/Air  0%         N/A       100%        3
 Summon Guardian Golem    Hex/Summ       0%         N/A       100%        3
 Vhi's Electric Charge    Tloc/Air       0%         N/A       100%        3
 Arcjolt                  Conj/Air       0%         1d10      100%        5
 Maxwell's Capacitive Co  Air            0%         ∞         100%        8


Dungeon Overview and Level Annotations

Branches:
Dungeon (12/15)            Temple (0/1) D:7            Lair (1/5) D:11
  Sewer (visited)
    Orc: D:9-12

Altars:
Ashenzari
Dithmenos
Fedhas
Hepliaklqana
Ru
Sif Muna
Vehumet
Xom

Shops:
D:3 :   D:8 *=


Innate Abilities, Weirdness & Mutations

You have hoof-like feet.
You are completely covered in molten scales. (AC +4, rF+)
A weak demonic guardian rushes to your aid.


Message History

You take 14 damage, and have 31/87 hp.
You barely miss the death yak.
The death yak is severely wounded.
You slash the death yak! You burn the death yak.
You kill the death yak!
You hit the yak. You burn the yak.
The yak is severely wounded.
The yak gores you.
You barely miss the yak.
The yak is severely wounded.
The yak gores you but does no damage.
You barely miss the yak.
The yak is severely wounded.
The yak gores you but does no damage.
You hit the yak but do no damage.
The yak is severely wounded.
The yak gores you!
* * * LOW HITPOINT WARNING * * *
You take 9 damage, and have 26/87 hp.
You closely miss the yak.
The yak is severely wounded.
You slash the yak! You burn the yak.
You kill the yak!
You hit the death yak. You burn the death yak.
The death yak is heavily wounded.
The death yak gores you but does no damage.
You barely miss the death yak.
The death yak is heavily wounded.
The death yak gores you.
You take 1 damage, and have 27/87 hp.
You hit the death yak. You burn the death yak.
The death yak is severely wounded.
The death yak gores you!
* * * LOW HITPOINT WARNING * * *
A demonic guardian appears!
You take 14 damage, and have 13/87 hp.
You hit the death yak but do no damage. You punch the death yak.
The death yak is severely wounded.
The death yak gores you!
You die...

#..##............
#..############## #..# #..
#..###### ####.# #..##...#
#....#
#############.>.+.[.####.#..#
#...............#...#....#...
#.############..#...#.#..###.
#.#.........@Y........#......
#.##.##..#####4....##.###.#..
#.#..##..# #)#..........#..
#.#......#####Y#'#######..###
#.#..###.##....)..######.....
#.#....#.##.......+......'...
#.##.#.#.##.......######.#...
#....#.#.#........'..# #^#...
######.#.#........##.# #.#.##


You could see a death yak (ally target) and a friendly rust devil (summoned).

Vanquished Creatures
  3 two-headed ogres
  A death yak (D:11)
  An ugly thing (D:10)
  Maggie (D:7)
  A troll (D:11)
  A hornet (D:10)
  2 shadows
  2 wraiths
  22 yaks
  A basilisk (Lair:1)
  Menkaure (D:7)
  A water moccasin (D:10)
  Duvessa (D:7)
  A swamp drake (D:10)
  4 orc warriors
  2 black bears
  3 centaurs
  3 phantoms
  A kobold brigand (D:9)
  A gnoll sergeant (D:10)
  2 bullfrogs
  4 scorpions
  2 necrophages
  5 wights (D:7)
  Dowan (D:7)
  6 killer bees (D:9)
  2 howler monkeys (D:8)
  An electric eel (Lair:1)
  A crimson imp (D:10)
  3 hounds
  3 jellies
  Crazy Yiuf (D:4)
  6 orc priests
  A gnoll bouda (D:10)
  An iron imp (D:10)
  3 iguanas
  Natasha (D:3)
  7 orc wizards
  Robin (D:2)
  18 gnolls
  5 river rats
  8 adders
  A shadow imp (D:10)
  A white imp (D:10)
  6 worms
  3 dart slugs
  39 orcs
  7 endoplasms
  3 giant cockroaches
  11 goblins
  14 hobgoblins
  4 jackals (D:3)
  6 quokkas
  6 ball pythons
  6 bats
  8 frilled lizards
  10 kobolds
  17 rats
  A bush (D:3)
278 creatures vanquished.

Vanquished Creatures (collateral kills)
  A death yak (D:11)
  Sonja (D:11)
  A troll (D:9)
  A shadow (D:11)
  A wyvern (D:8)
  An adder (D:6)
  A river rat (Sewer)
7 creatures vanquished.

Vanquished Creatures (others)
  An ugly thing (D:8)
  A bush (Lair:1)
  49 foxfires
  24 plants
75 creatures vanquished.

Grand Total: 360 creatures vanquished

Notes
Turn   | Place    | Note
-------+----------+-------------------------------------------
     0 | D:1      | jasper the Demonspawn Cinder Acolyte began the quest for
                  | the Orb.
     0 | D:1      | Reached XP level 1. HP: 18/18 MP: 2/2
    64 | D:1      | Reached skill level 3 in Axes
   250 | D:1      | Gained mutation: You have large cloven feet. [demonic
                  | ancestry]
   250 | D:1      | Reached XP level 2. HP: 24/24 MP: 3/3
   922 | D:2      | Noticed Robin
   942 | D:1      | Reached XP level 3. HP: 3/29 MP: 4/4
  1100 | D:2      | Found a faded altar of an unknown god.
  1109 | D:2      | Reached skill level 4 in Axes
  1336 | D:2      | Killed Robin
  1341 | D:2      | Gained mutation: You are partially covered in molten
                  | scales. (AC +2) [demonic ancestry]
  1341 | D:2      | Reached XP level 4. HP: 35/35 MP: 5/5
  1813 | D:2      | Reached skill level 11 in Axes
  1813 | D:2      | Reached XP level 5. HP: 41/41 MP: 6/6
  1869 | D:3      | Found a shadowy altar of Dithmenos.
  2242 | D:3      | Found Ruhupi's Vocational Training.
  2257 | D:3      | Gained mutation: A weak demonic guardian rushes to your
                  | aid. [demonic ancestry]
  2257 | D:3      | Reached XP level 6. HP: 47/47 MP: 7/7
  2299 | D:3      | Noticed Natasha
  2308 | D:3      | Killed Natasha
  2428 | D:4      | Found a glowing drain.
  2509 | Sewer    | Entered a sewer
  3356 | D:4      | Reached skill level 1 in Armour
  3408 | D:4      | Found a shimmering altar of Xom.
  3430 | D:4      | Found a radiant altar of Vehumet.
  3455 | D:4      | Gained mutation: You are mostly covered in molten scales.
                  | (AC +3) [demonic ancestry]
  3455 | D:4      | Reached XP level 7. HP: 42/52 MP: 8/8
  3647 | D:4      | Found a runed translucent door.
  3648 | D:4      | Noticed Crazy Yiuf
  4090 | D:4      | Killed Crazy Yiuf
  4122 | D:5      | Entered Level 5 of the Dungeon
  4639 | D:5      | Noticed a two-headed ogre
  4647 | D:5      | Killed a two-headed ogre
  4648 | D:5      | Reached skill level 5 in Fighting
  4648 | D:5      | Reached XP level 8. HP: 48/63 MP: 9/9
  4702 | D:5      | Found a shimmering blue altar of Sif Muna.
  5786 | D:6      | Reached XP level 9. HP: 64/69 MP: 10/10
  5892 | D:6      | Found a sacrificial altar of Ru.
  5906 | D:7      | Noticed Duvessa
  5906 | D:7      | Noticed Dowan
  5912 | D:7      | Killed Duvessa
  5915 | D:7      | Killed Dowan
  6053 | D:7      | Found a staircase to the Ecumenical Temple.
  6200 | D:7      | Reached skill level 5 in Armour
  6419 | D:7      | Noticed Menkaure
  6430 | D:7      | Killed Menkaure
  6431 | D:7      | Reached skill level 1 in Evocations
  6621 | D:7      | Noticed Maggie
  6651 | D:7      | Killed Maggie
  6888 | D:8      | Found Redghem's Assorted Antiques.
  6916 | D:8      | Found Amenoc's Jewellery Shoppe.
  7055 | D:8      | Bought an amulet of regeneration for 420 gold pieces
  7426 | D:8      | Bought a fuming blue potion for 23 gold pieces
  7559 | D:8      | Reached skill level 5 in Evocations
  7829 | D:9      | Found a blossoming altar of Fedhas.
  7887 | D:9      | Noticed a two-headed ogre
  7897 | D:9      | Killed a two-headed ogre
  7898 | D:9      | Gained mutation: You have hoof-like feet. [demonic
                  | ancestry]
  7898 | D:9      | Reached XP level 10. HP: 29/77 MP: 11/11
  7996 | D:9      | Noticed a boulder beetle
  8019 | D:9      | Reached skill level 12 in Axes
  8100 | D:9      | Noticed a red ugly thing
  8392 | D:9      | Found a hazy altar of Hepliaklqana.
  8652 | D:10     | Entered Level 10 of the Dungeon
  8652 | D:10     | Noticed a cyclops
  8936 | D:10     | Noticed a white ugly thing
  8966 | D:10     | Killed a white ugly thing
  9461 | D:10     | Noticed a deep elf zephyrmancer
  9520 | D:10     | Noticed a deep elf pyromancer
  9521 | D:10     | a deep elf pyromancer changed into a water moccasin
  9599 | D:10     | Found a broken altar of Ashenzari.
 10149 | D:11     | Noticed a boulder beetle
 10296 | D:11     | Noticed a gargoyle
 10331 | D:11     | Gained mutation: You are completely covered in molten
                  | scales. (AC +4, rF+) [demonic ancestry]
 10331 | D:11     | Reached XP level 11. HP: 72/84 MP: 12/12
 10395 | D:11     | Noticed Sonja
 10447 | D:11     | Killed Sonja
 10542 | D:11     | Reached skill level 13 in Axes
 10656 | D:11     | Noticed a two-headed ogre
 10665 | D:11     | Killed a two-headed ogre
 10841 | D:11     | Found a staircase to the Lair.
 11243 | Lair:1   | Entered Level 1 of the Lair of Beasts
 11611 | Lair:1   | Noticed a death yak
 11621 | Lair:1   | Noticed a death yak
 11622 | Lair:1   | Noticed a death yak
 11631 | Lair:1   | Noticed a death yak
 11660 | Lair:1   | Noticed a death yak
 11690 | D:11     | Killed a death yak
 11707 | D:11     | Killed a death yak
 11717 | D:11     | Slain by a death yak

Illustrated notes

Levels and vault maps discovered:
D:1:      eino_arrival_water_star, layout_basic
D:2:      layout_rooms, ebering_ecumenical_altar_sacrificial,
          minmay_pentomino_x2, uniq_robin
D:3:      lemuel_castle_with_subvaults [lemuel_castle_interior_original],
          layout_basic, grunt_dithmenos_smoke, serial_forest,
          infiniplex_forest_straight_5, infiniplex_forest_clump_small,
          infiniplex_forest_clump_long, infiniplex_forest_clump_large,
          infiniplex_forest_straight_2, infiniplex_forest_corner_1,
          infiniplex_forest_lined_1, infiniplex_forest_straight_2, st_stairs_2,
          nicolae_shop_vocational, uniq_natasha, uniq_grinder
D:4:      layout_loops_ring, mainiacjoe_overflow_alcove_1,
          nicolae_vehumet_radiance, portal_sewer_entry_b,
          uniq_crazy_yiuf_cottage
D:5:      layout_gridville, general_overflow_altar
D:6:      layout_rooms, nicolae_ru_the_path_less_chosen
D:7:      layout_loops_ring, minmay_temple_entry_sparse_star, uniq_duvessa,
          uniq_maggie, uniq_menkaure
D:8:      layout_basic, nicolae_tso_swordbearing_angel, serial_shops,
          nicolae_shop_statue_plus, nicolae_shop_crystal
D:9:      layout_small_grid, amcnicky_altar_gilded, lemuel_crystal_altar
D:10:     layout_roguey, mainiacjoe_overflow_alcove_4, hangedman_minor_magic
D:11:     layout_basic, lair_entry_dummy, hangedman_decor_points, uniq_sonja
D:12:     layout_stronghold, david_orc_3, kennysheep_another_room, uniq_kirke
Lair:1:   layout_chaotic_city, nicolae_lair_grazing_beasts
          [nicolae_sub_lair_graze_edge, nicolae_sub_lair_graze_edge,
          nicolae_sub_lair_graze_edge, nicolae_sub_lair_graze_edge], uniq_grum,
          uniq_urug

Skill      XL: |  1  2  3  4  5  6  7  8  9 10 11 |
---------------+----------------------------------+-----
Axes           | 3 4 11 12 13 | 13.7
Armour         | 1 4 5 6 7 |  7.3
Fighting       | 5 6 7 8 |  8.7
Evocations     | 6 |  6.0
Spellcasting   | |  1.0
Fire Magic     | |  2.6

Action                     |  1- 3 |  4- 6 |  7- 9 | 10-12 || total
---------------------------+-------+-------+-------+-------++-------
  Melee: Hand axe          |   107 |   327 |    30 |       ||   464
         Kick              |    11 |    79 |    40 |       ||   130
         Punch             |       |     3 |     3 |     6 ||    12
         War axe           |       |       |   262 |   401 ||   663
  Throw: Dart              |       |       |     3 |       ||     3
         Boomerang         |       |       |       |    25 ||    25
         Stone             |       |       |       |     1 ||     1
 Invoke: Fiery Armour      |     1 |       |     2 |     1 ||     4
         Foxfire Swarm     |       |       |     3 |       ||     3
  Evoke: Wand              |       |       |     6 |    30 ||    36
         Box of beasts     |       |       |       |     1 ||     1
    Use: Scroll            |     4 |     7 |    10 |     6 ||    27
         Potion            |       |     1 |       |     5 ||     6
   Stab: Confused          |       |       |       |     1 ||     1
 Armour: Robe              |    17 |       |       |       ||    17
         Plate armour      |    28 |    92 |   140 |   302 ||   562
         Skin              |     4 |    12 |       |       ||    16
         Chain mail        |       |    63 |    53 |       ||   116
  Dodge: Dodged            |    44 |    59 |    77 |   100 ||   280

Table legend: (Time is in decaauts)
 A = Elapsed time spent in this place.
 B = Non-inter-level travel time spent in this place.
 C = Inter-level travel time spent in this place.
 D = Time resting spent in this place.
 E = Time spent auto-exploring this place.
 F = Levels seen in this place.
 G = Mean time per level.
                   A        B        C        D        E       F      G
               +--------+--------+--------+--------+--------+-----+--------+
         Total |  11736 |  11356 |    380 |    822 |   7861 |  14 |  838.3 |
       Dungeon |  10613 |  10233 |    380 |    678 |   7251 |  12 |  884.4 |
          Lair |    390 |    390 |      0 |    110 |    117 |   1 |  390.0 |
         Sewer |    733 |    733 |      0 |     34 |    492 |   1 |  733.0 |
               +--------+--------+--------+--------+--------+-----+--------+

Top non-repeatable levels by time:
    D:11: 1464 daAuts
    D:10: 1224 daAuts
     D:1: 1111 daAuts
     D:5: 1024 daAuts
     D:4: 992 daAuts
     D:8: 966 daAuts
     D:7: 964 daAuts
     D:9: 797 daAuts
     D:6: 749 daAuts
     D:2: 741 daAuts
   Sewer: 733 daAuts
     D:3: 568 daAuts
  Lair:1: 390 daAuts
    D:12: 7 daAuts
